[ AOE2 MATCH · #506516806 ]
UnrankedVietnamese vs Vikings
Player's team · WIN
Rival team · LOSS
[ REPLAY ANALYSIS · EXTRACTED FROM THE RECORDED GAME ]
Feudal
10:33
Castle
—
Imperial
—
| APM avg | 60.3 |
| APM peak | 107 |
| eAPM avg | 28.2 |
| Villagers / military | 39 / 29 |
Focus
⚔️ 43.7% · 🌾 56.3%
Archer ×13 · Skirmisher ×13 · Militia ×3
Feudal
9:16
Castle
—
Imperial
—
| APM avg | 88.4 |
| APM peak | 158 |
| eAPM avg | 32.1 |
| Villagers / military | 53 / 27 |
Focus
⚔️ 30.9% · 🌾 69.1%
Skirmisher ×14 · Archer ×7 · Militia ×6
Match map
Initial resources + every placement click. Lines = walls · curves = elevation contours. ◆ gold · ⬟ stone · ● berries · ✦ relic · ◌ wall gap
Your base· Open — unwalled flank
sma's base· Open — unwalled flank
Smoothed initial terrain · ◌ = detected wall gap · hover for details
Inputs per minute
— Big Tony - - sma
Build order — Big Tony
121 actions detected in the replay
| 0:00 | Queue | Villager (Male) ×4 |
| 0:01 | Build | House |
| 0:02 | Build | House |
| 0:07 | Build | House |
| 1:37 | Queue | Villager (Male) |
| 1:56 | Build | Lumber Camp |
| 2:05 | Queue | Villager (Male) |
| 2:29 | Queue | Villager (Male) |
| 2:50 | Queue | Villager (Male) |
| 3:07 | Queue | Villager (Male) |
| 3:34 | Queue | Villager (Male) |
| 3:53 | Build | House |
| 4:05 | Queue | Villager (Male) |
| 4:34 | Build | House |
| 4:38 | Queue | Villager (Male) |
| 5:02 | Queue | Villager (Male) |
| 5:04 | Build | Barracks |
| 5:26 | Build | House |
| 5:33 | Queue | Villager (Male) |
| 5:36 | Build | House |
| 5:59 | Queue | Villager (Male) |
| 6:00 | Queue | Militia |
| 6:18 | Build | Mill |
| 6:23 | Queue | Militia |
| 6:27 | Queue | Villager (Male) |
| 6:43 | Queue | Militia |
| 6:55 | Queue | Villager (Male) |
| 7:02 | Build | Farm |
| 7:28 | Queue | Villager (Male) |
| 7:42 | Build | Farm |
| 7:46 | Research | Loom |
| 8:23 | Research | Feudal Age |
| 8:55 | Build | Mining Camp |
| 9:48 | Build | House |
| 10:21 | Build | House |
| 10:25 | Queue | Villager (Male) |
| 10:31 | Build | House |
| 10:32 | Build | Palisade Wall |
| 10:33 | Age | Feudal Age |
| 10:38 | Build | Archery Range |
| 11:04 | Build | House |
| 11:10 | Build | Palisade Wall |
| 11:15 | Build | Palisade Wall |
| 11:23 | Build | Palisade Wall |
| 11:24 | Queue | Villager (Male) |
| 11:47 | Queue | Villager (Male) |
| 11:51 | Queue | Villager (Male) |
| 12:11 | Queue | Archer |
| 12:16 | Queue | Villager (Male) |
| 12:17 | Queue | Archer |
| 12:33 | Queue | Archer |
| 12:36 | Build | Palisade Wall |
| 13:01 | Queue | Villager (Male) |
| 13:02 | Queue | Archer |
| 13:06 | Build | Archery Range |
| 13:21 | Build | Farm |
| 13:31 | Queue | Villager (Male) |
| 13:34 | Queue | Skirmisher |
| 13:49 | Queue | Skirmisher |
| 14:04 | Queue | Villager (Male) |
| 14:04 | Queue | Skirmisher |
| 14:08 | Build | House |
| 14:12 | Build | Palisade Wall |
| 14:14 | Build | Palisade Wall |
| 14:28 | Queue | Villager (Male) |
| 14:33 | Build | Farm |
| 14:38 | Queue | Skirmisher |
| 14:43 | Queue | Villager (Male) |
| 15:08 | Queue | Skirmisher |
| 15:09 | Queue | Archer |
| 15:12 | Queue | Villager (Male) |
| 15:21 | Queue | Villager (Male) |
| 15:27 | Build | Blacksmith |
| 15:28 | Queue | Skirmisher |
| 15:32 | Queue | Villager (Male) |
| 15:37 | Build | House |
| 15:52 | Queue | Archer |
| 16:03 | Queue | Skirmisher |
| 16:08 | Build | House |
| 16:18 | Research | Fletching |
| 16:21 | Queue | Villager (Male) |
| 16:24 | Build | House |
| 16:25 | Build | House |
| 16:27 | Build | House |
| 16:36 | Queue | Archer |
| 16:38 | Queue | Villager (Male) |
| 16:42 | Build | Farm |
| 16:43 | Build | Farm |
| 16:45 | Build | Farm |
| 16:45 | Research | Double-Bit Axe |
| 16:59 | Queue | Skirmisher |
| 17:12 | Build | Lumber Camp |
| 17:14 | Queue | Villager (Male) |
| 17:35 | Queue | Archer |
| 17:37 | Queue | Skirmisher |
| 17:38 | Queue | Villager (Male) |
| 17:55 | Build | House |
| 18:01 | Queue | Archer |
| 18:02 | Queue | Villager (Male) |
| 18:15 | Queue | Archer |
| 18:18 | Build | Farm |
| 18:19 | Build | Farm |
| 18:22 | Build | Farm |
| 18:42 | Queue | Skirmisher |
| 18:43 | Queue | Archer |
| 18:50 | Build | Farm |
| 19:00 | Queue | Skirmisher |
| 19:02 | Build | House |
| 19:07 | Queue | Villager (Male) |
| 19:10 | Build | Farm |
| 19:11 | Build | Farm |
| 19:11 | Build | Farm |
| 19:11 | Build | Farm |
| 19:26 | Queue | Archer |
| 19:26 | Queue | Skirmisher |
| 19:28 | Queue | Villager (Male) |
| 19:33 | Build | Farm |
| 19:44 | Build | House |
| 19:48 | Queue | Villager (Male) |
| 20:00 | Queue | Archer |
| 20:00 | Queue | Skirmisher |
Build order — sma
123 actions detected in the replay
| 0:00 | Queue | Villager (Male) |
| 0:01 | Queue | Villager (Male) |
| 0:02 | Build | House |
| 0:03 | Build | House |
| 0:05 | Queue | Villager (Male) |
| 0:06 | Queue | Villager (Male) |
| 0:06 | Queue | Villager (Male) |
| 1:24 | Queue | Villager (Male) |
| 1:24 | Queue | Villager (Male) |
| 1:54 | Build | Lumber Camp |
| 1:58 | Queue | Villager (Male) |
| 2:18 | Queue | Villager (Male) |
| 2:18 | Queue | Villager (Male) |
| 2:47 | Queue | Villager (Male) |
| 3:05 | Queue | Villager (Male) |
| 3:39 | Queue | Villager (Male) |
| 3:39 | Queue | Villager (Male) |
| 3:52 | Build | House |
| 4:06 | Queue | Villager (Male) |
| 4:11 | Queue | Villager (Male) |
| 4:11 | Queue | Villager (Male) |
| 4:48 | Queue | Villager (Male) |
| 4:48 | Queue | Villager (Male) |
| 5:16 | Build | Barracks |
| 5:23 | Queue | Villager (Male) |
| 5:25 | Queue | Villager (Male) |
| 6:04 | Build | House |
| 6:16 | Queue | Villager (Male) |
| 6:19 | Research | Loom |
| 6:56 | Research | Feudal Age |
| 7:09 | Build | Mining Camp |
| 7:16 | Queue | Militia |
| 7:16 | Queue | Militia |
| 7:34 | Queue | Militia |
| 7:34 | Queue | Militia |
| 8:04 | Queue | Militia |
| 8:04 | Queue | Militia |
| 8:12 | Build | House |
| 8:25 | Build | Mill |
| 8:47 | Queue | Villager (Male) |
| 9:16 | Age | Feudal Age |
| 9:19 | Research | Man-at-Arms (upgrade) |
| 9:20 | Research | Man-at-Arms (upgrade) |
| 9:37 | Queue | Villager (Male) |
| 10:14 | Queue | Villager (Male) |
| 10:15 | Queue | Villager (Male) |
| 10:15 | Queue | Villager (Male) |
| 10:37 | Build | Archery Range |
| 10:49 | Queue | Villager (Male) |
| 11:34 | Queue | Archer |
| 11:34 | Queue | Archer |
| 11:34 | Queue | Archer |
| 11:42 | Build | Farm |
| 11:43 | Build | Farm |
| 11:44 | Build | Farm |
| 11:51 | Build | Farm |
| 12:03 | Queue | Villager (Male) |
| 12:03 | Queue | Villager (Male) |
| 12:06 | Build | Farm |
| 12:18 | Build | Farm |
| 12:27 | Queue | Archer |
| 12:43 | Build | House |
| 12:43 | Build | House |
| 12:54 | Queue | Archer |
| 12:57 | Queue | Villager (Male) |
| 13:00 | Queue | Skirmisher |
| 13:09 | Build | Farm |
| 13:34 | Queue | Villager (Male) |
| 13:34 | Queue | Villager (Male) |
| 13:53 | Queue | Villager (Male) |
| 14:01 | Queue | Archer |
| 14:01 | Queue | Archer |
| 14:01 | Queue | Villager (Male) |
| 14:04 | Build | Farm |
| 14:29 | Queue | Villager (Male) |
| 14:30 | Queue | Skirmisher |
| 14:30 | Queue | Skirmisher |
| 15:04 | Queue | Villager (Male) |
| 15:07 | Build | Blacksmith |
| 15:21 | Queue | Villager (Male) |
| 15:35 | Queue | Villager (Male) |
| 15:43 | Queue | Skirmisher |
| 15:46 | Queue | Villager (Male) |
| 15:58 | Research | Fletching |
| 16:00 | Queue | Villager (Male) |
| 16:04 | Build | House |
| 16:16 | Queue | Skirmisher |
| 16:17 | Queue | Villager (Male) |
| 16:22 | Build | House |
| 16:23 | Build | Palisade Wall |
| 16:34 | Queue | Skirmisher |
| 16:34 | Queue | Villager (Male) |
| 16:39 | Build | House |
| 16:41 | Build | Palisade Wall |
| 16:53 | Queue | Villager (Male) |
| 16:59 | Queue | Skirmisher |
| 17:06 | Build | Farm |
| 17:07 | Build | Farm |
| 17:29 | Queue | Skirmisher |
| 17:29 | Queue | Skirmisher |
| 17:32 | Queue | Villager (Male) |
| 17:37 | Queue | Villager (Male) |
| 17:39 | Build | House |
| 17:41 | Build | House |
| 17:49 | Queue | Villager (Male) |
| 17:55 | Build | Farm |
| 17:59 | Queue | Villager (Male) |
| 18:03 | Queue | Skirmisher |
| 18:17 | Queue | Villager (Male) |
| 18:32 | Queue | Villager (Male) |
| 18:34 | Queue | Skirmisher |
| 18:37 | Build | Farm |
| 18:59 | Build | House |
| 19:01 | Build | House |
| 19:02 | Build | House |
| 19:04 | Build | House |
| 19:07 | Queue | Villager (Male) |
| 19:22 | Queue | Villager (Male) |
| 19:23 | Queue | Skirmisher |
| 19:23 | Queue | Skirmisher |
| 19:34 | Queue | Villager (Male) |
| 19:41 | Queue | Skirmisher |
| 19:44 | Build | Lumber Camp |
Match timeline
| 5:04 | Big Tony · first_building Barracks |
| 5:16 | sma · first_building Barracks |
| 9:16 | sma · age_up feudal |
| 10:32 | Big Tony · wall_segment Palisade Wall x1 |
| 10:33 | Big Tony · age_up feudal |
| 10:37 | sma · first_building Archery Range |
| 10:38 | Big Tony · first_building Archery Range |
| 11:10 | Big Tony · wall_segment Palisade Wall x1 |
| 11:15 | Big Tony · wall_segment Palisade Wall x1 |
| 11:23 | Big Tony · wall_segment Palisade Wall x3 |
| 12:36 | Big Tony · wall_segment Palisade Wall x1 |
| 14:12 | Big Tony · wall_segment Palisade Wall x4 |
| 14:14 | Big Tony · wall_segment Palisade Wall x7 |
| 16:23 | sma · wall_segment Palisade Wall x10 |
| 16:41 | sma · wall_segment Palisade Wall x10 |
| 20:09 | sma · resign |
[ AI ANALYSIS · 1 CREDIT ]
What really happened in this match?
Wolo.gg analyzes every decision: build order, eco, micro, common mistakes by bracket. Personalized analysis on WhatsApp or Discord in 30 seconds.
Civ guide
Vietnamese
Perfil
Jugador #3436711